 Dungeon Sprint DCSS version 0.18-a0-1789-gbeff17f (webtiles) character file.

7163 namelastname112 the Fighter (level 10, -2/86 (89) HPs)
             Began as a Demonspawn Fighter on Apr 21, 2016.
             Killed from afar by a frost giant (4 damage)
             ... with a bolt of cold
             ... in the Dungeon (Sprint V: "Ziggurat Sprint").
             The game lasted 00:02:59 (875 turns).

namelastname112 the Fighter (Demonspawn Fighter)     Turns: 875, Time: 00:03:00

HP:   -2/86 (89)    AC: 28    Str: 34    XL:     10   Next: 86%
MP:   0/18          EV:  1    Int: 10    God:
Gold: 0             SH: 32    Dex: 16    Spells: 0 memorised, 9 levels left

rFire  + . .     SeeInvis +     I - +14 obsidian axe {chop, +Fly Str+3 SInv *Curse} (curse)
rCold  + . .     Gourm    .     K - +5 gold dragon armour
rNeg   + . .     Faith    .     J - +18 shield of the gong {rElec rN+ MR+ EV-5}
rPois  +         Spirit   +     (no helmet)
rElec  +         Dismiss  .     (no cloak)
rCorr  .         Reflect  .     M - +1 pair of gloves {Dex+3}
SustAt .         Harm     .     (no boots)
MR     +....     NoTele   +     (no amulet)
Stlth  ..........               H - +6 ring of strength
                                G - +6 ring of strength

@: somewhat resistant to hostile enchantments, extremely unstealthy
A: molten scales 2, magic shield, magic regeneration
a: Evoke Flight


You were in the Dungeon.
You were not hungry.

You visited 1 branch

Inventory:

Hand Weapons
 a - a +0 war axe
 I - the cursed +14 obsidian axe (weapon) {chop, +Fly Str+3 SInv *Curse}
   (You found it in the Dungeon)

   It inflicts extra damage upon your enemies.
   It affects your strength (+3).
   It lets you see invisible.
   It lets you fly.
   It may re-curse itself when equipped.
   It has a curse placed upon it.
 L - the +8 autumn katana {slice, Clar}
   (You found it in the Dungeon)

   It inflicts extra damage upon your enemies.
   It protects you against confusion.
Armour
 b - a +0 scale mail
 c - a +0 shield
 J - the +18 shield of the gong (worn) {rElec rN+ MR+ EV-5}
   (You found it in the Dungeon)

   It affects your evasion (-5).
   It insulates you from electricity.
   It protects you from negative energy.
   It affects your resistance to hostile enchantments.
 K - a +5 gold dragon armour (worn)
 M - a +1 pair of gloves of dexterity (worn)
Jewellery
 C - a +6 ring of dexterity
 D - a +6 ring of dexterity
 E - a +6 ring of intelligence
 F - a +6 ring of intelligence
 G - a +6 ring of strength (left hand)
 H - a +6 ring of strength (right hand)
 O - the ring "Havenil" {rC+ Str-2 Int+9 SInv Stlth-}
   (You found it in the Dungeon)

   [ring of protection from cold]

   It affects your strength (-2).
   It affects your intelligence (+9).
   It protects you from cold.
   It lets you see invisible.
   It makes you less stealthy.
Wands
 y - a wand of disintegration (7/24)
 z - a wand of iceblast (5/15)
 A - a wand of lightning (5/15)
 B - a wand of acid (5/15)
 R - a wand of hasting (5/9)
Scrolls
 k - 4 scrolls of blinking
 q - 4 scrolls of amnesia
 r - 3 scrolls of recharging
 s - 7 scrolls of fog
 t - 5 scrolls of identify
 u - 5 scrolls of remove curse
 v - 2 scrolls of fear
Potions
 d - 6 potions of might
 e - 10 potions of curing
 g - 10 potions of heal wounds
 h - 6 potions of haste
 i - 7 potions of magic
 j - 3 potions of berserk rage
 l - 2 potions of brilliance
 m - 2 potions of invisibility
 n - 4 potions of resistance
 p - 5 potions of agility
Miscellaneous
 o - a sack of spiders
 N - a fan of gales
 P - a phial of floods
 Q - a legendary deck of wonders
 S - a lamp of fire
 T - a legendary deck of summoning {drawn: 3}
 U - a legendary deck of changes
Comestibles
 f - 5 bread rations
 w - 42 fruits
 x - 3 meat rations


   Skills:
 + Level 12.2 Fighting
 + Level 11.4 Axes
 + Level 11.3 Armour
 - Level 2.4 Dodging
 + Level 11.3 Shields
 + Level 11.0 Evocations


You had 9 spell levels left.
You didn't know any spells.

Dungeon Overview and Level Annotations

Branches:
Dungeon (1/1)

Altars:
Ashenzari
Cheibriados
Dithmenos
Elyvilon
Fedhas
Gozag
Kikubaaqudgha
Makhleb
Nemelex Xobeh
Okawaru
Pakellas
Qazlal
Ru
Sif Muna
Trog
Vehumet
Xom
Yredelemnul
Zin
The Shining One
Beogh
Jiyva
Lugonu


Innate Abilities, Weirdness & Mutations

You are mostly covered in molten scales (AC +3, EV -1).
When hurt, damage is shared between your health and your magic reserves.
You regenerate magic rapidly.


Message History

You slash the polar bear!
You kill the polar bear!
You strike the helpless frost giant from a blind spot!
You hit the frost giant. You open a gate to Pandemonium!
A demon appears!
The frost giant is almost dead.
You are engulfed in freezing vapours.
You resist.
Your centaur wields an uncursed shortbow of flaming.
It bursts into flame!
Your centaur shoots an arrow.
The arrow hits the frost giant.
The arrow burns the frost giant.
You are no longer entranced.
The frost giant dies!
Your Fighting skill increases to level 12!
Your Evocations skill increases to level 11!
The arrow disappears in a puff of smoke!
Your centaur warrior shoots an arrow.
The arrow barely misses the blizzard demon.
The arrow disappears in a puff of smoke!
The frost giant gestures at you while chanting.
The bolt of cold hits you! You resist.
You die...

▓▓▓▓▓▓▓▓▓▓▓▓▓▓▓▓▓▓▓
▓...8©8...▓...8©8...▓
▓..}=}:[..▓..):=:|..▓
▓..})|:=..▓...|3|[..▓
▓.........▓.........▓
▓.........▓.........▓
▓.....C§..▓...).....▓
▓...92§§§.▓.........▓
▓...c.§@3.▓.▓.....▓.▓
▓.▓..c§§▓.▓.........▓
▓....§§4§.▓▓▓▓▓▓▓▓▓▓▓
▓▓▓▓▓▓▓▓▓▓▓


You could see a frost giant, a blizzard demon, a friendly centaur warrior, a
friendly orange demon, a friendly smoke demon, a friendly molten gargoyle and a
friendly centaur.

Vanquished Creatures
  A dancing weapon (D)
  A deep elf archer (D)
  4 merfolk (D)
  A polar bear (D)
  3 air elementals (D)
  A spriggan (D)
  2 fire elementals (D)
  3 insubstantial wisps (D)
  A hell hound (D)
  A porcupine (D)
  4 black bears (D)
  2 necrophages (D)
  A centaur (D)
  7 wolves (D)
  An earth elemental (D)
  An iguana (D)
  2 sheep (D)
  2 mummies (D)
  A river rat (D)
  A white imp (D)
  A bat skeleton (D)
  2 bat zombies (D)
  A jackal (D)
  A ball python zombie (D)
  A giant cockroach zombie (D)
  A giant gecko zombie (D)
  A jackal simulacrum (D)
  A jackal skeleton (D)
49 creatures vanquished.

Vanquished Creatures (collateral kills)
  A frost giant (D)
  A mummy priest (D)
  An ice dragon (D)
  An ice devil (D)
  A spriggan (D)
  A black bear (D)
  A necrophage (D)
  An ice beast (D)
  A wolf (D)
  A wight (D)
  A sheep (D)
  A white imp (D)
  A fire vortex (D)
13 creatures vanquished.

Vanquished Creatures (others)
  2 spatial maelstroms (D)
2 creatures vanquished.

Grand Total: 64 creatures vanquished

Notes
Turn   | Place    | Note
--------------------------------------------------------------
     0 | D        | namelastname112 the Demonspawn Fighter began the quest for the Orb.
     0 | D        | Reached XP level 1. HP: 18/18 MP: 1/1
     0 | D        | Found a roughly hewn altar of Beogh.
     0 | D        | Found a viscous altar of Jiyva.
     0 | D        | Found a corrupted altar of Lugonu.
     0 | D        | Found a white marble altar of Elyvilon.
     0 | D        | Found a sparkling altar of Nemelex Xobeh.
     0 | D        | Found a burning altar of Makhleb.
     0 | D        | Found an iron altar of Okawaru.
     0 | D        | Found a deep blue altar of Sif Muna.
     0 | D        | Found a radiant altar of Vehumet.
     0 | D        | Found a bloodstained altar of Trog.
     0 | D        | Found a shimmering altar of Xom.
     7 | D        | Banished a spatial maelstrom
     7 | D        | Banished a spatial maelstrom
    48 | D        | Reached skill level 4 in Fighting
    48 | D        | Gained mutation: When hurt, damage is shared between your health and your magic reserves. [demonic ancestry]
    48 | D        | Reached XP level 2. HP: 25/25 MP: 2/2
    60 | D        | Entered arena 1.
    60 | D        | Noticed a wolf
    62 | D        | Killed a wolf
    62 | D        | Reached skill level 5 in Fighting
    62 | D        | Reached skill level 5 in Axes
    62 | D        | Reached XP level 3. HP: 33/33 MP: 3/3
    62 | D        | Reached XP level 4. HP: 39/39 MP: 4/4
    62 | D        | Reached skill level 5 in Armour
    62 | D        | Reached skill level 5 in Shields
    68 | D        | Entered arena 2.
    68 | D        | Noticed an earth elemental
    68 | D        | Noticed a deep elf archer
    68 | D        | Noticed a trident of flaming
    72 | D        | Killed a trident of flaming
    72 | D        | Reached skill level 8 in Fighting
    72 | D        | Reached skill level 5 in Evocations
    72 | D        | Gained mutation: You regenerate magic rapidly. [demonic ancestry]
    72 | D        | Reached XP level 5. HP: 49/49 MP: 4/9
    72 | D        | Reached XP level 6. HP: 56/56 MP: 4/10
    72 | D        | Reached XP level 7. HP: 62/62 MP: 4/11
    87 | D        | HP: 2/62 [deep elf archer/arrow (6)]
    92 | D        | Killed a deep elf archer
    92 | D        | Reached skill level 9 in Fighting
    92 | D        | Gained mutation: You are partially covered in molten scales (AC +1). [demonic ancestry]
    92 | D        | Reached XP level 8. HP: 4/71 MP: 1/13
   411 | D        | Entered arena 3.
   427 | D        | Entered arena 4.
   437 | D        | Entered arena 5.
   437 | D        | Noticed a mummy priest
   438 | D        | Noticed a jiangshi
   447 | D        | Killed a mummy priest
   447 | D        | Reached skill level 10 in Fighting
   447 | D        | Gained mutation: You are mostly covered in molten scales (AC +3, EV -1). [demonic ancestry]
   447 | D        | Reached XP level 9. HP: 30/75 MP: 7/15
   482 | D        | Got the ring "Havenil" {rC+ Str-2 Int+9 SInv Stlth-}
   772 | D        | Entered arena 6.
   787 | D        | Entered arena 7.
   792 | D        | Reached skill level 10 in Axes
   792 | D        | Reached skill level 10 in Armour
   792 | D        | Reached skill level 10 in Shields
   810 | D        | Entered arena 8.
   810 | D        | Noticed a merfolk
   810 | D        | Noticed a merfolk
   810 | D        | Noticed a merfolk
   810 | D        | Noticed a merfolk
   814 | D        | Killed a merfolk
   814 | D        | Reached skill level 11 in Fighting
   814 | D        | Reached XP level 10. HP: 82/84 MP: 17/17
   822 | D        | Reached skill level 10 in Evocations
   831 | D        | Entered arena 9.
   845 | D        | Got the ring of the Harvest {rCorr rF+ rC- Int+7 SInv}
   848 | D        | Entered arena 10.
   864 | D        | Entered arena 11.
   864 | D        | Noticed an ice dragon
   865 | D        | Noticed a frost giant
   865 | D        | Noticed a frost giant
   867 | D        | Noticed a blizzard demon
   874 | D        | Killed an ice dragon
   874 | D        | HP: 1/86 [frost giant/bolt of cold (10)]
   875 | D        | Killed a frost giant
   875 | D        | Reached skill level 12 in Fighting
   875 | D        | Killed from afar by a frost giant

Vault maps used:
D:        sprint_v

Skill      XL: |  1  2  3  4  5  6  7  8  9 10 |
---------------+-------------------------------+-----
Fighting       | 4 5 8 9 10 11 12 | 12.2
Axes           | 4 5 7 8 9 10 11 | 11.4
Armour         | 3 4 7 8 9 10 11 | 11.3
Dodging        | 2 |  2.4
Shields        | 3 4 7 8 9 10 11 | 11.3
Evocations     | 5 6 8 9 11 | 11.0

Action                   |  1- 3 |  4- 6 |  7- 9 | 10-12 || total
-------------------------+-------+-------+-------+-------++-------
Melee: Broad axe         |     2 |     2 |    45 |    26 ||    75
Evoke: Lamp of fire      |       |       |     1 |       ||     1
       Deck              |       |       |       |     3 ||     3
  Use: Potion            |     1 |       |       |       ||     1
 Stab: Distracted        |       |       |       |     1 ||     1
  Eat: Meat ration       |       |       |     1 |       ||     1
Armor: Gold dragon armou |     1 |     2 |    35 |    21 ||    59
Dodge: Dodged            |       |       |     2 |     2 ||     4
Block: Shield            |     2 |     4 |    98 |    55 ||   159
